| TOP OF THE 1ST |
|
Batavia Clippers batting - Pitching for Auburn Red Stars : RHP Ernest Moya
|
|
Pitching: RHP Ernest Moya
|
|
|
Batting: RHB Greg Tabor
|
0-0: Ground out 6-3 (Groundball, 6, EV 104.4 MPH)
|
|
Batting: LHB Chris D Jones
|
0-0: Called Strike 0-1: Ball 1-1: Called Strike 1-2: Foul Ball, location: 2F 1-2: Foul Ball, location: 2F 1-2: SOLO HOME RUN (Flyball, 9D, EV 93.8 MPH), Distance : 359 ft
|
|
Batting: RHB Glenn Carpenter
|
0-0: Ball 1-0: Foul Ball, location: 2F 1-1: Foul Ball, location: 2F 1-2: Ball 2-2: Strikes out looking
|
|
Batting: RHB Mickey Brantley
|
0-0: Ground out 6-3 (Groundball, 6M, EV 78.1 MPH)
|
| Top of the 1st over - 1 run, 1 hit, 0 errors, 0 left on base; Batavia 1 - Auburn 0 |
| BOTTOM OF THE 1ST |
|
Auburn Red Stars batting - Pitching for Batavia Clippers : LHP Sidney van den Bulk
|
|
Pitching: LHP Sidney van den Bulk
|
|
|
Batting: RHB Edwin Aponte
|
0-0: Fly out, F8 (Line Drive, 8RD, EV 92.5 MPH)
|
|
Batting: RHB Clemente Acuna
|
0-0: Called Strike 0-1: Called Strike 0-2: SINGLE (Groundball, 34D, EV 102.5 MPH)
|
|
Batting: LHB John Stefero
|
0-0: Called Strike 0-1: Ball 1-1: Foul Ball, location: 2F 1-2: Foul Ball, location: 2F 1-2: Foul Ball, location: 2F 1-2: Foul Ball, location: 2F 1-2: DOUBLE (Line Drive, 78M, EV 95.6 MPH) Clemente Acuna to third Runner from 3rd tries for Home, SAFE, throw by LF to home
|
|
Batting: RHB Alfredo Torres
|
0-0: Ball 1-0: Fly out, F8 (Flyball, 8LM, EV 80.6 MPH)
|
|
Batting: RHB Jose Rodriguez
|
0-0: Called Strike 0-1: Ground out 6-3 (Groundball, 6, EV 86.9 MPH)
|
| Bottom of the 1st over - 1 run, 2 hits, 0 errors, 1 left on base; Batavia 1 - Auburn 1 |
| TOP OF THE 2ND |
|
Batavia Clippers batting - Pitching for Auburn Red Stars : RHP Ernest Moya
|
|
Batting: RHB Dave Sax
|
0-0: Foul Ball, location: 2F 0-1: Foul Ball, location: 2F 0-2: Strikes out swinging
|
|
Batting: LHB Mike Botkin
|
0-0: Ball 1-0: Foul Ball, location: 2F 1-1: Ground out 4-3 (Groundball, 4, EV 85.0 MPH)
|
|
Batting: LHB Scott Miller
|
0-0: Ball 1-0: Called Strike 1-1: Ball 2-1: Foul Ball, location: 2F 2-2: Ball 3-2: Base on Balls
|
|
Batting: RHB Jorge Gonzalez
|
0-0: Called Strike 0-1: Ball 1-1: Foul Ball, location: 2F 1-2: Ball 2-2: Fly out, F8 (Flyball, 8LD, EV 100.6 MPH)
|
| Top of the 2nd over - 0 runs, 0 hits, 0 errors, 1 left on base; Batavia 1 - Auburn 1 |
| BOTTOM OF THE 2ND |
|
Auburn Red Stars batting - Pitching for Batavia Clippers : LHP Sidney van den Bulk
|
|
Batting: RHB Steve McQueen
|
0-0: Called Strike 0-1: Ball 1-1: Fly out, F4 (Popup, 34S, EV 70.6 MPH)
|
|
Batting: LHB Luis Roman
|
0-0: Ground out 5-3 (Groundball, 5S, EV 90.6 MPH)
|
|
Batting: RHB William Chamberlain
|
0-0: Called Strike 0-1: Ground out 3-1 (Groundball, 23, EV 87.5 MPH)
|
| Bottom of the 2nd over - 0 runs, 0 hits, 0 errors, 0 left on base; Batavia 1 - Auburn 1 |
| TOP OF THE 3RD |
|
Batavia Clippers batting - Pitching for Auburn Red Stars : RHP Ernest Moya
|
|
Batting: RHB Mark Kuecker
|
0-0: Ground out 6-3 (Groundball, 6, EV 89.4 MPH)
|
|
Batting: RHB Greg Tabor
|
0-0: Ball 1-0: Ball 2-0: Swinging Strike 2-1: Swinging Strike 2-2: Ball 3-2: SINGLE (Groundball, 5D, EV 98.8 MPH)
|
|
Batting: LHB Chris D Jones
|
0-0: Ball 1-0: Foul Ball, location: 2F 1-1: Ground out U3 (Groundball, 3S, EV 68.8 MPH) Greg Tabor to second
|
|
Batting: RHB Glenn Carpenter
|
0-0: Ball 1-0: Ball 2-0: Called Strike 2-1: Called Strike 2-2: Ground out 5-3 (Groundball, 56S, EV 73.1 MPH)
|
| Top of the 3rd over - 0 runs, 1 hit, 0 errors, 1 left on base; Batavia 1 - Auburn 1 |
| BOTTOM OF THE 3RD |
|
Auburn Red Stars batting - Pitching for Batavia Clippers : LHP Sidney van den Bulk
|
|
Batting: RHB Antonio Quevedo
|
0-0: Ball 1-0: Fly out, F6 (Popup, 6MS, EV 86.9 MPH)
|
|
Batting: RHB Edwin Aponte
|
0-0: Ball 1-0: Ball 2-0: Ball 3-0: Base on Balls
|
|
Batting: RHB Clemente Acuna
|
0-0: Swinging Strike Edwin Aponte is caught stealing 2nd base 2-4 0-1: Ground out 6-3 (Groundball, 6, EV 86.9 MPH)
|
| Bottom of the 3rd over - 0 runs, 0 hits, 0 errors, 0 left on base; Batavia 1 - Auburn 1 |
| TOP OF THE 4TH |
|
Batavia Clippers batting - Pitching for Auburn Red Stars : RHP Ernest Moya
|
|
Batting: RHB Mickey Brantley
|
0-0: Ball 1-0: Swinging Strike 1-1: Ball 2-1: Fly out, F8 (Line Drive, 8RD, EV 88.8 MPH)
|
|
Batting: RHB Dave Sax
|
0-0: Ground out U3 (Groundball, 3, EV 85.0 MPH)
|
|
Batting: LHB Mike Botkin
|
0-0: Ball 1-0: Ball 2-0: Ball 3-0: Base on Balls
|
|
Batting: LHB Scott Miller
|
0-0: Fielders Choice at 2nd, U6 (Groundball, 6M, EV 78.1 MPH)
|
| Top of the 4th over - 0 runs, 0 hits, 0 errors, 1 left on base; Batavia 1 - Auburn 1 |
| BOTTOM OF THE 4TH |
|
Auburn Red Stars batting - Pitching for Batavia Clippers : LHP Sidney van den Bulk
|
|
Batting: LHB John Stefero
|
0-0: Ball 1-0: Ball 2-0: Ball 3-0: Called Strike 3-1: Base on Balls
|
|
Batting: RHB Alfredo Torres
|
0-0: Fly out, F5 (Popup, 5SF, EV 68.8 MPH)
|
|
Batting: RHB Jose Rodriguez
|
0-0: Ground out 5-3 (Groundball, 56S, EV 61.3 MPH) John Stefero to second
|
|
Batting: RHB Steve McQueen
|
0-0: Called Strike 0-1: Foul Ball, location: 2F 0-2: Ball 1-2: Foul Ball, location: 2F 1-2: Ground out 5-3 (Groundball, 56, EV 86.3 MPH)
|
| Bottom of the 4th over - 0 runs, 0 hits, 0 errors, 1 left on base; Batavia 1 - Auburn 1 |
| TOP OF THE 5TH |
|
Batavia Clippers batting - Pitching for Auburn Red Stars : RHP Ernest Moya
|
|
Batting: RHB Jorge Gonzalez
|
0-0: Swinging Strike 0-1: Foul Ball, location: 2F 0-2: Strikes out swinging
|
|
Batting: RHB Mark Kuecker
|
0-0: Ball 1-0: Ball 2-0: Swinging Strike 2-1: Ball 3-1: Fly out, F5 (Line Drive, 5, EV 70.0 MPH)
|
|
Batting: RHB Greg Tabor
|
0-0: Ball 1-0: Called Strike 1-1: Foul Ball, location: 2F 1-2: Ball 2-2: Strikes out looking
|
| Top of the 5th over - 0 runs, 0 hits, 0 errors, 0 left on base; Batavia 1 - Auburn 1 |
| BOTTOM OF THE 5TH |
|
Auburn Red Stars batting - Pitching for Batavia Clippers : LHP Sidney van den Bulk
|
|
Batting: LHB Luis Roman
|
0-0: Fly out, F6 (Flyball, 56D, EV 83.8 MPH)
|
|
Batting: RHB William Chamberlain
|
0-0: Called Strike 0-1: Ball 1-1: Called Strike 1-2: Ball 2-2: Ball 3-2: Ground out 5-3 (Groundball, 56S, EV 90.0 MPH)
|
|
Batting: RHB Antonio Quevedo
|
0-0: Ball 1-0: Foul Ball, location: 2F 1-1: Ball 2-1: Called Strike 2-2: Foul Ball, location: 2F 2-2: Fly out, F7 (Line Drive, 7D, EV 97.5 MPH)
|
| Bottom of the 5th over - 0 runs, 0 hits, 0 errors, 0 left on base; Batavia 1 - Auburn 1 |
| TOP OF THE 6TH |
|
Batavia Clippers batting - Pitching for Auburn Red Stars : RHP Ernest Moya
|
|
Batting: LHB Chris D Jones
|
0-0: Foul Ball, location: 2F 0-1: Called Strike 0-2: Ball 1-2: Ball 2-2: SOLO HOME RUN (Flyball, 89XD, EV 100.0 MPH), Distance : 391 ft
|
|
Batting: RHB Glenn Carpenter
|
0-0: Called Strike 0-1: SINGLE (Flyball, 89S, EV 91.9 MPH)
|
|
Batting: RHB Mickey Brantley
|
0-0: Reached on error, E5 (Groundball, 56, EV 85.6 MPH) Glenn Carpenter to second
|
|
Batting: RHB Dave Sax
|
0-0: SINGLE (Flyball, 4D, EV 88.8 MPH) Glenn Carpenter to third Mickey Brantley to second
|
|
Batting: LHB Mike Botkin
|
0-0: Called Strike 0-1: Ball 1-1: Foul Ball, location: 2F 1-2: SINGLE (Flyball, 4MD, EV 91.3 MPH) Glenn Carpenter scores Mickey Brantley to third Dave Sax to second
|
|
Batting: LHB Scott Miller
|
0-0: Called Strike 0-1: Foul Ball, location: 2F 0-2: Strikes out swinging
|
|
Batting: RHB Jorge Gonzalez
|
0-0: Called Strike 0-1: Ball 1-1: Fly out, F9 (Flyball, 9LS, EV 88.8 MPH)
|
|
Batting: RHB Mark Kuecker
|
0-0: Called Strike 0-1: Foul Ball, location: 2F 0-2: Ball 1-2: Foul Ball, location: 2F 1-2: Ball 2-2: SINGLE (Groundball, 56D, EV 98.1 MPH) Mickey Brantley scores Dave Sax to third Mike Botkin to second Runner from 3rd tries for Home, SAFE, throw by LF to home
|
|
Batting: RHB Greg Tabor
|
0-0: Called Strike 0-1: Ball 1-1: Foul Ball, location: 2F 1-2: Foul Ball, location: 2F 1-2: Foul Ball, location: 2F 1-2: Ball 2-2: Ball 3-2: Foul Ball, location: 2F 3-2: Reached on error, E9 (Flyball, 9LM, EV 89.4 MPH) Mike Botkin scores Mark Kuecker to third
|
|
Pitching: RHP Raul Jimenez
|
|
|
Batting: LHB Chris D Jones
|
0-0: Ground out 6-3 (Groundball, 6, EV 83.1 MPH)
|
| Top of the 6th over - 5 runs, 5 hits, 2 errors, 2 left on base; Batavia 6 - Auburn 1 |
| BOTTOM OF THE 6TH |
|
Auburn Red Stars batting - Pitching for Batavia Clippers : LHP Sidney van den Bulk
|
|
Batting: RHB Edwin Aponte
|
0-0: Ball 1-0: Ball 2-0: Called Strike 2-1: Fly out, F8 (Flyball, 8LD, EV 98.1 MPH)
|
|
Batting: RHB Clemente Acuna
|
0-0: Called Strike 0-1: Ground out 6-3 (Groundball, 6, EV 83.1 MPH)
|
|
Batting: LHB John Stefero
|
0-0: Ball 1-0: Called Strike 1-1: Called Strike 1-2: Ball 2-2: Foul Ball, location: 2F 2-2: Ground out 6-3 (Groundball, 6, EV 103.1 MPH)
|
| Bottom of the 6th over - 0 runs, 0 hits, 0 errors, 0 left on base; Batavia 6 - Auburn 1 |
| TOP OF THE 7TH |
|
Batavia Clippers batting - Pitching for Auburn Red Stars : RHP Raul Jimenez
|
|
Batting: RHB Glenn Carpenter
|
0-0: Ball 1-0: Ball 2-0: Ball 3-0: Base on Balls
|
|
Batting: RHB Mickey Brantley
|
0-0: Called Strike 0-1: SINGLE (Groundball, 6MD, EV 103.1 MPH) Glenn Carpenter to second
|
|
Batting: RHB Dave Sax
|
0-0: Ball 1-0: Ball 2-0: DOUBLE (Groundball, 5L, EV 95.0 MPH) Glenn Carpenter scores Mickey Brantley to third
|
|
Batting: LHB Mike Botkin
|
0-0: Ball 1-0: Ball 2-0: Ball 3-0: Called Strike 3-1: Called Strike 3-2: Base on Balls
|
|
Batting: LHB Scott Miller
|
0-0: Ball 1-0: Ball 2-0: Ball 3-0: Base on Balls Mickey Brantley scores Dave Sax to third Mike Botkin to second
|
|
Batting: RHB Jorge Gonzalez
|
0-0: Called Strike 0-1: Ball 1-1: Ball 2-1: Ball 3-1: Foul Ball, location: 2F 3-2: Foul Ball, location: 2F 3-2: Fly out, F9 (Flyball, 89D, EV 103.8 MPH) Runner from 3rd tags up, OUT at HOME! 9-2 Mike Botkin to third Scott Miller to second
|
|
Pinch Hitting: SHB Rafael Villaman
|
0-0: Ground out 4-3 (Groundball, 4, EV 100.0 MPH)
|
| Top of the 7th over - 2 runs, 2 hits, 0 errors, 2 left on base; Batavia 8 - Auburn 1 |
| BOTTOM OF THE 7TH |
|
Auburn Red Stars batting - Pitching for Batavia Clippers : LHP Sidney van den Bulk
|
|
Now at 2B: Rafael Villaman
|
|
|
Batting: RHB Alfredo Torres
|
0-0: SINGLE (Groundball, 56D, EV 111.3 MPH) (infield hit)
|
|
Pinch Hitting: RHB Lorenzo Gray
|
0-0: Ball 1-0: Foul Ball, location: 2F 1-1: Foul Ball, location: 2F 1-2: Strikes out looking
|
|
Pinch Hitting: RHB Michael Harris
|
0-0: Called Strike Alfredo Torres steals 2nd base (no throw) 0-1: Swinging Strike 0-2: Strikes out looking
|
|
Pinch Hitting: RHB Paul Llewellyn
|
0-0: Ball 1-0: Ground out 4-3 (Groundball, 4, EV 79.4 MPH)
|
| Bottom of the 7th over - 0 runs, 1 hit, 0 errors, 1 left on base; Batavia 8 - Auburn 1 |
| TOP OF THE 8TH |
|
Batavia Clippers batting - Pitching for Auburn Red Stars : RHP Raul Jimenez
|
|
Now at 1B: Lorenzo Gray
|
|
|
Now at 2B: Michael Harris
|
|
|
Now in RF: Paul Llewellyn
|
|
|
Batting: RHB Greg Tabor
|
0-0: Foul Ball, location: 2F 0-1: Swinging Strike 0-2: SINGLE (Line Drive, 4MD, EV 102.5 MPH)
|
|
Batting: LHB Chris D Jones
|
0-0: Called Strike 0-1: Ball 1-1: Ball 2-1: Ball Greg Tabor steals 2nd base 3-1: Base on Balls
|
|
Pinch Hitting: RHB Luis Handal
|
0-0: Called Strike 0-1: Ball 1-1: Swinging Strike 1-2: Foul Ball, location: 2F 1-2: Strikes out swinging
|
|
Batting: RHB Mickey Brantley
|
0-0: Ball 1-0: Ball 2-0: Called Strike 2-1: 3-RUN HOME RUN (Flyball, 7D, EV 104.4 MPH), Distance : 360 ft
|
|
Pitching: RHP Ruben Santana
|
|
|
Batting: RHB Dave Sax
|
0-0: Ball 1-0: Ball 2-0: Called Strike 2-1: Called Strike 2-2: Fly out, F8 (Flyball, 89XD, EV 100.6 MPH)
|
|
Batting: LHB Mike Botkin
|
0-0: Ball 1-0: Fly out, F5 (Popup, 5, EV 73.8 MPH)
|
| Top of the 8th over - 3 runs, 2 hits, 0 errors, 0 left on base; Batavia 11 - Auburn 1 |
| BOTTOM OF THE 8TH |
|
Auburn Red Stars batting - Pitching for Batavia Clippers : LHP Sidney van den Bulk
|
|
Now at 1B: Jerry Lomastro
|
|
|
Batting: RHB William Chamberlain
|
0-0: DOUBLE (Line Drive, 7LD, EV 105.6 MPH)
|
|
Batting: RHB Antonio Quevedo
|
0-0: Called Strike 0-1: Ball 1-1: Ball 2-1: Ball 3-1: Called Strike 3-2: Base on Balls
|
|
Batting: RHB Edwin Aponte
|
0-0: Ball 1-0: Foul Ball, location: 2F 1-1: Swinging Strike 1-2: Ball 2-2: Ball Wild Pitch! William Chamberlain to third Antonio Quevedo to second 3-2: Fly out, F9 (Flyball, 89S, EV 90.6 MPH)
|
|
Pinch Hitting: RHB Danny Quiroz
|
0-0: Called Strike 0-1: Called Strike 0-2: Ball 1-2: Foul Ball, location: 2F 1-2: Fly out, F9 (Flyball, 89D, EV 100.6 MPH) Runner from 3rd tags up, OUT at HOME! 9-2
|
| Bottom of the 8th over - 0 runs, 1 hit, 0 errors, 1 left on base; Batavia 11 - Auburn 1 |
| TOP OF THE 9TH |
|
Batavia Clippers batting - Pitching for Auburn Red Stars : RHP Ruben Santana
|
|
Now at 1B: Danny Quiroz
|
|
|
Batting: LHB Scott Miller
|
0-0: Ball 1-0: Ball 2-0: Swinging Strike 2-1: Foul Ball, location: 2F 2-2: Strikes out swinging
|
|
Batting: RHB Jorge Gonzalez
|
0-0: Ground out 5-3 (Groundball, 5, EV 85.0 MPH)
|
|
Batting: SHB Rafael Villaman
|
0-0: Foul Ball, location: 2F 0-1: Ball 1-1: Foul Ball, location: 2F 1-2: Ball 2-2: Strikes out swinging
|
| Top of the 9th over - 0 runs, 0 hits, 0 errors, 0 left on base; Batavia 11 - Auburn 1 |
| BOTTOM OF THE 9TH |
|
Auburn Red Stars batting - Pitching for Batavia Clippers : LHP Sidney van den Bulk
|
|
Batting: LHB John Stefero
|
0-0: Called Strike 0-1: Ground out 4-3 (Groundball, 34D, EV 103.8 MPH)
|
|
Batting: RHB Alfredo Torres
|
0-0: Ball 1-0: Ball 2-0: Foul Ball, location: 2F 2-1: SINGLE (Line Drive, 34, EV 102.5 MPH)
|
|
Batting: RHB Lorenzo Gray
|
0-0: Fielders Choice at 2nd, 6-4 (Groundball, 6, EV 83.8 MPH)
|
|
Batting: RHB Michael Harris
|
0-0: Called Strike 0-1: Foul Ball, location: 2F 0-2: Ball 1-2: Fly out, F2 (Popup, 2R, EV 93.8 MPH)
|
| Bottom of the 9th over - 0 runs, 1 hit, 0 errors, 1 left on base; Batavia 11 - Auburn 1 |
|